 Dungeon Crawl Stone Soup version 0.23.2-40-g277498a001 (webtiles) character file.

Game seed: 295949595508839702

6928 Marnok the Blocker (level 10, 0/83 HPs)
             Began as a Demigod Fighter on Oct 13, 2019.
             Succumbed to Sonja's curare-tipped needle
             ... on level 10 of the Dungeon.
             The game lasted 00:35:38 (9296 turns).

Marnok the Blocker (Demigod Fighter)                Turns: 9296, Time: 00:35:38

Health: 0/83       AC: 20    Str: 25    XL:     10   Next: 51%
Magic:  13/13      EV:  6    Int: 15    God:
Gold:   227        SH: 20    Dex: 17    Spells: 9/9 levels left

rFire    + . .     SeeInvis .   z - +4 spear of Circular Logic {pierce, rElec rN++ Int+3}
rCold    + . .     Gourm    +   d - +2 large shield
rNeg     + + .     Faith    .   m - +0 plate armour
rPois    .         Spirit   .   a - +1 helmet
rElec    +         Reflect  .   x - scarf {rC+ rF+}
rCorr    .         Harm     .   e - +0 pair of gloves
MR       ++...                  j - +0 pair of boots
Stlth    ..........             g - amulet of the gourmand
HPRegen  0.23/turn              t - ring of protection from magic
MPRegen  0.13/turn              (no ring)

@: lethally poisoned (0 -> -4), slowed, very slow
A: thin metallic scales 1, agile 1, high mp 1
a: no special abilities


You were on level 10 of the Dungeon.
You were full.

You visited 2 branches of the dungeon, and saw 11 of its levels.

You collected 437 gold pieces.
You spent 210 gold pieces at shops.

Inventory:

Hand Weapons
 k - a +4 quarterstaff of chaos
 u - a +2 scimitar of freezing
 y - a +4 morningstar of venom
 z - the +4 spear of Circular Logic (weapon) {pierce, rElec rN++ Int+3}
   (You found it on level 6 of the Dungeon)

   It inflicts extra damage upon your enemies.
   It affects your intelligence (+3).
   It insulates you from electricity.
   It greatly protects you from negative energy.
Armour
 a - a +1 helmet (worn)
 d - a +2 large shield (worn)
 e - a +0 pair of gloves (worn)
 h - the +2 robe of Unreason {rN+}
   (You found it on level 10 of the Dungeon)

   It protects you from negative energy.
 j - a +0 pair of boots (worn)
 m - a +0 plate armour (worn)
 x - a scarf of resistance (worn)
Jewellery
 b - a cursed ring of attention
 g - an amulet of the gourmand (around neck)
 t - a ring of protection from magic (left hand)
 G - an uncursed ring of teleportation
Wands
 C - a wand of flame (12)
Scrolls
 n - a scroll of random uselessness
 q - 3 scrolls of magic mapping
 r - a scroll of remove curse
 w - a scroll of teleportation
 B - a scroll of amnesia
 E - 2 scrolls of identify
Potions
 c - a potion of resistance
 i - a potion of agility
 p - a potion of magic
 s - a potion of flight
 v - a potion of haste
Comestibles
 f - 22 rations


   Skills:
 + Level 6.2 Fighting
 + Level 8.5 Polearms
 + Level 6.8 Armour
 + Level 4.4 Dodging
 + Level 1.2 Stealth
 + Level 8.8 Shields


You had 9 spell levels left.
You didn't know any spells.
Your spell library contained the following spells:

 Spells                   Type           Power        Failure   Level  Hunger
 Flame Tongue             Conj/Fire      #....        100%        1    ##.....
 Magic Dart               Conj           #...         100%        1    ##.....
 Blink                    Tloc           N/A          100%        2    ###....
 Call Imp                 Summ           #.......     100%        2    ###....
 Slow                     Hex            #.......     100%        2    ###....
 Throw Flame              Conj/Fire      #.....       100%        2    ###....
 Conjure Flame            Conj/Fire      #.......     100%        3    ####...
 Inner Flame              Hex/Fire       #.......     100%        3    ####...
 Mephitic Cloud           Conj/Pois/Air  #.......     100%        3    ####...
 Sticky Flame             Conj/Fire      #.......     100%        4    #####..
 Fireball                 Conj/Fire      #.........   100%        5    ######.


Dungeon Overview and Level Annotations

Branches:
Dungeon (10/15)            Temple (1/1) D:7
   Lair: D:8-11         Orc: D:9-12

Shops:
D:5 !

Annotations:
D:10 Sonja


Innate Abilities, Weirdness & Mutations

You have an increased reservoir of magic. (+10% MP)
You are partially covered in thin metallic scales. (AC +2)
You are agile. (Dex +2)


Message History

You block Sonja's attack. Sonja completely misses you.
You closely miss Sonja.
Sonja is heavily wounded.
You feel sick. You block Sonja's attack. Sonja hits you but does no damage.
Space warps horribly around you!!
* * * LOW HITPOINT WARNING * * *
You block Sonja's attack.
Sonja gestures wildly while chanting.
Sonja blinks!
Okay, then.
As you read the scroll of teleportation, it crumbles to dust.
You feel strangely unstable.
* * * LOW HITPOINT WARNING * * *
You feel sick.
Sonja unwields a +1 dagger of distortion.
Its appearance distorts for a moment.
Sonja wields a +0 blowgun.
Sonja shoots a curare-tipped needle.
The curare-tipped needle completely misses you.
Your surroundings suddenly seem different.
You die...

#.....##.### #..(§..#
##....÷.....# ###########.###..#
........###.###.(....(K..(# #..#.
###.....# #.............#.###....
.......########(#######.#.((..)##
#####.## #.....[# #.#####..# #.#
#.###### #.≈ #..# #.# #.#
########... ...# #.####.#
#@.......≈≈≈ ...# #......#
#.######........# ######## #.#
##### #.# ..# ###


There were no monsters in sight!

Vanquished Creatures
  2 death yaks (D:8)
  2 hippogriffs
  2 yaks (D:8)
  A hungry ghost (D:7)
  2 orc warriors (D:8)
  A black bear (D:7)
  A sky beast (D:6)
  A phantom (D:6)
  11 ogres
  6 centaurs
  2 big kobolds
  3 bullfrogs
  2 water moccasin zombies
  A wyvern zombie (D:7)
  2 scorpions
  9 wights
  3 howler monkeys
  4 crimson imps
  A bullfrog zombie (D:6)
  A jelly (D:3)
  4 hounds
  4 orc priests
  Crazy Yiuf (D:7)
  A gnoll shaman (D:6)
  3 bullfrog skeletons
  3 centaur skeletons
  7 iguanas
  Terence (D:3)
  10 orc wizards
  6 worker ants
  A hound zombie (D:8)
  A worker ant zombie (D:5)
  A howler monkey skeleton (D:5)
  9 adders
  8 gnolls (D:6)
  A shadow imp (D:6)
  2 adder skeletons (D:4)
  A dart slug (D:2)
  8 leopard geckos
  24 orcs
  4 ball pythons
  13 bats
  7 giant cockroaches
  4 goblins
  8 hobgoblins
  11 jackals
  19 kobolds
  4 quokkas
  A ball python zombie (D:5)
  7 frilled lizards
  A jackal skeleton (D:4)
  A quokka skeleton (D:6)
  A quokka zombie (D:7)
  13 rats
247 creatures vanquished.

Vanquished Creatures (collateral kills)
  A big kobold (D:10)
  A bullfrog (D:10)
  A scorpion (D:10)
  A hound (D:10)
  A hound skeleton (D:10)
  2 kobolds (D:10)
7 creatures vanquished.

Grand Total: 254 creatures vanquished

Notes
Turn   | Place    | Note
-------+----------+-------------------------------------------
     0 | D:1      | Marnok the Demigod Fighter began the quest for the Orb.
     0 | D:1      | Reached XP level 1. HP: 18/18 MP: 3/3
   139 | D:1      | Reached XP level 2. HP: 25/25 MP: 4/4
   702 | D:2      | Reached XP level 3. HP: 29/31 MP: 5/5
   765 | D:2      | Found a shattered altar of Ashenzari.
  1864 | D:3      | HP: 1/31 [acid (9)]
  1868 | D:3      | Reached XP level 4. HP: 5/38 MP: 6/6
  2262 | D:3      | Noticed Terence
  2262 | D:3      | Noticed a bullfrog
  2283 | D:3      | Killed a bullfrog
  2283 | D:3      | Reached skill level 1 in Dodging
  2283 | D:3      | Reached XP level 5. HP: 39/45 MP: 7/7
  2289 | D:3      | Killed Terence
  2475 | D:3      | Found an opulent altar of Gozag.
  2735 | D:4      | Found an iron altar of Okawaru.
  2762 | D:5      | Entered Level 5 of the Dungeon
  3035 | D:4      | Noticed an ogre
  3044 | D:4      | Gained mutation: Your body sometimes deteriorates upon
                  | taking damage. [potion of mutation]
  3044 | D:4      | Gained mutation: You have a pair of small horns on your
                  | head. [potion of mutation]
  3044 | D:4      | Gained mutation: You are somewhat resistant to further
                  | mutation. [potion of mutation]
  3048 | D:4      | Killed an ogre
  3048 | D:4      | Reached XP level 6. HP: 43/51 MP: 8/8
  3487 | D:4      | Found a sacrificial altar of Ru.
  3654 | D:4      | You fall through a shaft for 2 floors!
  4110 | D:5      | Reached XP level 7. HP: 57/57 MP: 9/9
  4442 | D:5      | Found a basalt altar of Yredelemnul.
  4482 | D:5      | Found Wonauteen's Distillery.
  4498 | D:5      | Bought 2 potions of heal wounds for 140 gold pieces
  4498 | D:5      | Bought a potion of heal wounds for 70 gold pieces
  5051 | D:5      | Reached skill level 5 in Polearms
  5051 | D:5      | Reached skill level 5 in Shields
  5240 | D:7      | Noticed a hippogriff
  5279 | D:6      | Reached XP level 8. HP: 25/66 MP: 10/10
  5395 | D:6      | Reached skill level 5 in Armour
  5715 | D:6      | Found a white marble altar of Elyvilon.
  6175 | D:6      | Got a twisted spear
  6176 | D:6      | Identified the +4 spear of Circular Logic {pierce, rElec
                  | rN++ Int+3} (You found it on level 6 of the Dungeon)
  6219 | D:6      | Reached skill level 1 in Stealth
  6238 | D:6      | Reached skill level 5 in Fighting
  6305 | D:7      | Lost mutation: Your body sometimes deteriorates upon taking
                  | damage. [potion of mutation]
  6305 | D:7      | Lost mutation: You have a pair of small horns on your head.
                  | [potion of mutation]
  6305 | D:7      | Lost mutation: You are somewhat resistant to further
                  | mutation. [potion of mutation]
  6305 | D:7      | Gained mutation: You are weak. (Str -2) [potion of
                  | mutation]
  6305 | D:7      | Gained mutation: Your mind is acute. (Int +2) [potion of
                  | mutation]
  6306 | D:7      | Lost mutation: Your mind is acute. (Int +2) [potion of
                  | mutation]
  6306 | D:7      | Lost mutation: You are weak. (Str -2) [potion of mutation]
  6306 | D:7      | Gained mutation: You are agile. (Dex +2) [potion of
                  | mutation]
  6306 | D:7      | Gained mutation: You are partially covered in thin metallic
                  | scales. (AC +2) [potion of mutation]
  6394 | D:7      | Killed a hippogriff
  6394 | D:7      | Reached XP level 9. HP: 67/74 MP: 11/11
  6748 | D:7      | Found a staircase to the Ecumenical Temple.
  6757 | Temple   | Entered the Ecumenical Temple
  7194 | D:7      | Found a runed translucent door.
  7195 | D:7      | Noticed Crazy Yiuf
  7202 | D:7      | Killed Crazy Yiuf
  7647 | D:8      | Found a shimmering altar of Xom.
  7648 | D:8      | Found a snail-covered altar of Cheibriados.
  7996 | D:8      | Reached XP level 10. HP: 78/81 MP: 13/13
  8050 | D:8      | Noticed a death yak
  8492 | D:8      | Noticed a death yak
  8523 | D:8      | Noticed a death yak
  8526 | D:8      | Noticed a death yak
  8531 | D:8      | Killed a death yak
  8532 | D:8      | Noticed a death yak
  8561 | D:8      | Killed a death yak
  8642 | D:9      | Found a glowing silver altar of Zin.
  8642 | D:9      | Found a glowing golden altar of the Shining One.
  8642 | D:9      | Found a sparkling altar of Nemelex Xobeh.
  8642 | D:9      | Found an ancient bone altar of Kikubaaqudgha.
  8651 | D:10     | Entered Level 10 of the Dungeon
  8658 | D:10     | Got a ripped robe
  8659 | D:10     | Identified the +2 robe of Unreason {rN+} (You found it on
                  | level 10 of the Dungeon)
  9038 | D:10     | Noticed Sonja
  9294 | D:10     | HP: 1/83 [Sonja/+1 dagger of distortion (21)]
  9296 | D:10     | Succumbed to Sonja's curare-tipped needle

Skill      XL: |  1  2  3  4  5  6  7  8  9 10 |
---------------+-------------------------------+-----
Armour         | 3 4 5 6 |  6.8
Fighting       | 3 5 6 |  6.2
Polearms       | 2 3 4 5 6 7 8 |  8.5
Shields        | 3 4 5 6 7 8 |  8.8
Dodging        | 1 2 3 4 |  4.4
Stealth        | 1 |  1.2

Action                   |  1- 3 |  4- 6 |  7- 9 | 10-12 || total
-------------------------+-------+-------+-------+-------++-------
Melee: Trident           |   187 |   166 |   204 |       ||   557
       Headbutt          |       |    19 |    75 |       ||    94
       Spear             |       |       |   419 |   211 ||   630
  Use: Scroll            |     8 |     5 |     3 |    10 ||    26
       Potion            |     3 |     5 |     7 |     7 ||    22
  Eat: Chunk             |     3 |     8 |    14 |    12 ||    37
Armor: Scale mail        |    89 |    57 |   129 |       ||   275
       Plate armour      |       |       |    31 |    45 ||    76
Dodge: Dodged            |    63 |    65 |    91 |    34 ||   253
Block: Shield            |   102 |    42 |       |       ||   144
       Large shield      |       |   125 |   561 |   149 ||   835
